 Dungeon Crawl Stone Soup version 0.14.0-7-g2801ba0 (webtiles) character file.

185 RogerD the Ruinous (level 5, -5/35 HPs)
             Began as a Human Conjurer on Apr 12, 2014.
             Killed from afar by an ogre (33 damage)
             ... with an exploding inner flame
             ... in the Ecumenical Temple.
             The game lasted 00:36:36 (2587 turns).

RogerD the Ruinous (Human Conjurer)                 Turns: 2587, Time: 00:36:36

HP  -5/35        AC  4     Str  8      XL: 5   Next: 36%
MP   2/9         EV 13     Int 17      God:
Gold 55          SH  0     Dex 13      Spells:  3 memorised,  2 levels left

rFire  . . .     SeeInvis .     s - +2,+4 quarterstaff (chaos)
rCold  . . .     Clarity  .     a - +0 robe
rNeg   + . .     Conserve .     (no shield)
rPois  .         rCorr    .     (no helmet)
rElec  .         rRot     .     u - +0 cloak
SustAb . .       Spirit   .     g - +0 pair of gloves
rMut   .         Warding  .     (no boots)
Saprov . . .     Stasis   .     (no amulet)
MR     .....                    (no ring)
                                k - ring of positive energy

@: very slightly contaminated, not resistant to hostile enchantments, fairly
stealthy
A: no striking features
a: no special abilities


You were in the Ecumenical Temple.
You were hungry.

You visited 2 branches of the dungeon, and saw 5 of its levels.

You collected 55 gold pieces.

Inventory:

Hand weapons
 e - a +0,+0 whip
 m - a +2,+3 short sword
 s - a +2,+4 quarterstaff of chaos (weapon)
 B - a +3,+2 whip
 C - a cursed -1,-3 short sword
Missiles
 n - 11 sling bullets of flame
 w - 13 darts (quivered)
Armour
 a - a +0 robe (worn)
 g - a +0 pair of gloves (worn)
 u - a +0 cloak (worn)
 x - a +1 cloak
 E - a +0 buckler
Magical devices
 H - a wand of fire (8) {unknown}
Comestibles
 f - a chunk of adder flesh
 h - a meat ration
 v - a bread ration
 G - an apple
Scrolls
 b - a scroll of remove curse
 i - a scroll of recharging {unknown}
 j - 3 scrolls of identify
 o - a scroll of immolation
 r - a scroll of magic mapping {unknown}
 t - 2 scrolls of teleportation {unknown}
 D - a scroll of enchant weapon I {unknown}
 I - a scroll of fog
Jewellery
 k - a ring of positive energy (left hand)
 F - an uncursed amulet of guardian spirit {unknown}
Potions
 d - a potion of restore abilities {unknown}
 p - 2 potions of curing {unknown}
 q - a potion of brilliance {unknown}
 z - a potion of haste
 A - a potion of might {unknown}
Books
 c - a book of Conjurations

   Spells                             Type                      Level
   *Magic Dart                        Conjuration                  1
   *Searing Ray                       Conjuration                  2
   *Dazzling Spray                    Conjuration/Hexes            3
   Fulminant Prism                    Conjuration/Hexes            4
   Iskenderun's Mystic Blast          Conjuration                  4
   Iskenderun's Battlesphere          Conjuration/Charms           5


   Skills:
 + Level 0.2 Maces & Flails
 + Level 0.8 Staves
 + Level 1.0 Throwing
 + Level 3.7 Dodging
 + Level 2.4 Stealth
 + Level 2.2 Spellcasting
 + Level 4.6 Conjurations


You had 2 spell levels left.
You knew the following spells:

 Your Spells              Type           Power        Failure   Level  Hunger
a - Magic Dart            Conj           ###.         2%          1    #......
b - Searing Ray           Conj           ###...       4%          2    ##.....
c - Dazzling Spray        Conj/Hex       #.......     24%         3    ####...


Dungeon Overview and Level Annotations

Branches:
Dungeon (4/15)             Temple (1/1) D:4

Altars:
Xom
Yredelemnul

Annotations:
D:4 Natasha


Message History

You don't know that spell.
Casting: Dazzling Spray
Confirm with . or Enter, or press ? or * to list all spells.
Aiming: Searing Ray
Press: ? - help, Shift-Dir - straight line, f/p - ogre
Aim: an ogre, wielding a giant club (moderately wounded, inner flame)
The searing ray hits the ogre.
The ogre is heavily wounded.
You barely miss the ogre.
The ogre is heavily wounded.
The ogre barely misses you.
You barely miss the ogre.
The ogre is heavily wounded.
The ogre closely misses you.
You thump the ogre! You burn the ogre.
The ogre explodes!
The fiery explosion engulfs you!
Your scroll labeled XOUFFEOCHE catches fire!
Ouch! That really hurt!
You die...

≈≈≈...≈≈≈≈≈≈
≈≈≈...≈≈≈≈≈≈≈≈≈
≈≈≈...≈≈≈≈≈≈≈≈≈≈≈
≈≈≈...≈≈≈≈≈≈≈≈≈≈≈≈
≈≈≈≈...≈≈≈≈≈≈≈≈≈≈≈≈
≈≈≈≈≈≈...≈≈≈≈≈≈≈≈≈≈≈
≈≈≈≈...........≈≈≈≈≈
≈≈≈..8...<...8..≈≈≈≈≈
≈≈≈........@§.≈≈≈≈≈≈
≈≈≈≈≈≈≈≈≈.§§§≈≈≈≈≈≈≈
≈≈≈≈≈≈≈≈≈≈§(§≈≈≈≈≈≈≈
≈≈≈≈≈≈≈≈≈≈.(.≈≈≈≈≈≈
≈≈≈≈≈≈≈≈≈(.(≈≈≈≈≈
≈≈≈≈≈≈≈..(≈≈≈≈≈≈
≈≈≈≈≈...≈≈≈≈≈≈≈
≈≈≈.......≈≈≈
......._..≈


There were no monsters in sight!

Vanquished Creatures
  Crazy Yiuf (D:2)
  5 adders
  A giant mite (D:3)
  An iguana skeleton (D:4)
  5 giant cockroaches
  5 goblins
  5 hobgoblins
  4 jackals (D:2)
  4 kobolds
  5 bats
  5 giant newts
  2 quokkas (D:2)
  9 rats
52 creatures vanquished.

Notes
Turn   | Place    | Note
--------------------------------------------------------------
     0 | D:1      | RogerD, the Human Conjurer, began the quest for the Orb.
     0 | D:1      | Reached XP level 1. HP: 13/13 MP: 3/3
   320 | D:1      | You fall through a shaft!
   421 | D:1      | Reached XP level 2. HP: 19/19 MP: 4/4
   425 | D:1      | Learned a level 2 spell: Searing Ray
   833 | D:1      | Reached XP level 3. HP: 22/24 MP: 3/6
  1334 | D:2      | Reached XP level 4. HP: 21/30 MP: 3/7
  1382 | D:2      | Noticed Crazy Yiuf
  1394 | D:2      | Killed Crazy Yiuf
  2009 | D:3      | Reached XP level 5. HP: 35/35 MP: 3/9
  2050 | D:3      | Learned a level 3 spell: Dazzling Spray
  2530 | D:4      | Reached skill level 1 in Throwing
  2532 | D:4      | Noticed Natasha
  2533 | D:4      | Noticed an ogre
  2545 | D:4      | Found a staircase to the Ecumenical Temple.
  2557 | Temple   | Entered the Ecumenical Temple
  2587 | Temple   | Killed an ogre
  2587 | Temple   | Killed from afar by an ogre

Action                   |  1- 3 |  4- 6 || total
-------------------------+-------+-------++-------
Melee: Whip              |   112 |     3 ||   115
       Unarmed           |     4 |       ||     4
       Quarterstaff      |       |    39 ||    39
Throw: Dart              |    10 |    21 ||    31
 Cast: Magic Dart        |     7 |       ||     7
       Searing Ray       |     9 |    12 ||    21
       Dazzling Spray    |       |     5 ||     5
  Use: Scroll            |     2 |     5 ||     7
       Potion            |     1 |     3 ||     4
 Stab: Sleeping          |     1 |       ||     1
